 Dungeon Crawl Stone Soup version 0.23.2-30-g0e89c35649 (webtiles) character file.

Game seed: 6527475873954748773

20696 Mrkan the Blocker (level 13, -5/90 HPs)
             Began as a Human Berserker on June 23, 2019.
             Was a High Priest of Trog.
             Slain by a death yak (21 damage)
             ... on level 5 of the Lair of Beasts.
             The game lasted 00:33:17 (12272 turns).

Mrkan the Blocker (Human Berserker)                Turns: 12272, Time: 00:33:18

Health: -5/90      AC: 16    Str: 24    XL:     13   Next: 14%
Magic:  13/13      EV:  9    Int:  9    God:    Trog [*****.]
Gold:   830        SH: 14    Dex: 16    Spells: 12/12 levels left

rFire    . . .     SeeInvis +   u - +6 broad axe (freeze)
rCold    . . .     Gourm    .   M - +0 shield
rNeg     . . .     Faith    .   i - +2 storm dragon scales
rPois    .         Spirit   .   (no helmet)
rElec    +         Reflect  .   E - +1 cloak
rCorr    .         Harm     .   r - +0 pair of gloves
MR       +....                  (no boots)
Stlth    ..........             g - amulet of the acrobat
HPRegen  0.25/turn              L - ring of protection from magic
MPRegen  0.13/turn              f - ring of see invisible

@: berserk cooldown, slowed, very slow
A: talons 1, agile 1, clever 1, frail 1, strong 1, evolution 1
a: Berserk, Trog's Hand, Brothers in Arms, Renounce Religion


You were on level 5 of the Lair of Beasts.
You worshipped Trog.
Trog was extremely pleased with you.
You were not hungry.

You visited 2 branches of the dungeon, and saw 15 of its levels.

You collected 995 gold pieces.
You spent 165 gold pieces at shops.

Inventory:

Hand Weapons
 u - a +6 broad axe of freezing (weapon)
 D - a +5 antimagic dagger
 O - a +2 scimitar of flaming
Armour
 i - +2 storm dragon scales (worn)
 r - a +0 pair of gloves (worn)
 E - a +1 cloak (worn)
 M - a +0 shield (worn)
Jewellery
 f - a ring of see invisible (right hand)
 g - an amulet of the acrobat (around neck)
 h - an uncursed ring of fire
 H - an uncursed ring of protection from fire
 L - a ring of protection from magic (left hand)
Wands
 n - a wand of iceblast (8)
 v - a wand of random effects (9)
 w - a wand of flame (18)
 x - a wand of disintegration (14)
 z - a wand of enslavement (17)
 I - a wand of clouds (4)
 R - a wand of paralysis (7)
Scrolls
 b - 5 scrolls of identify
 d - a scroll of holy word {unknown}
 o - 5 scrolls of remove curse
 p - a scroll of enchant armour
 q - 3 scrolls of magic mapping
 s - 2 scrolls of teleportation
 t - 5 scrolls of fear
 F - 3 scrolls of fog
 J - a scroll of vulnerability
Potions
 a - 3 potions of flight
 e - 2 potions of resistance
 j - 2 potions of haste
 k - a potion of ambrosia {unknown}
 l - a potion of invisibility
 m - 3 potions of curing
 A - 3 potions of might
 K - a potion of brilliance {unknown}
 P - a potion of berserk rage {unknown}
 Q - 3 potions of cancellation
Comestibles
 c - 21 rations


   Skills:
 - Level 9.2 Fighting
 - Level 12.4 Axes
 - Level 3.2 Armour
 - Level 2.0 Dodging
 * Level 13.9 Shields


You had 12 spell levels left.
You didn't know any spells.
Your spell library was empty.

Dungeon Overview and Level Annotations

Branches:
Dungeon (10/15)            Temple (0/1) D:4            Lair (5/6) D:10
 Shoals (0/4) Lair:3        Snake (0/4) Lair:4          Orc (0/2) D:9
  Slime: Lair:5-6

Altars:
Cheibriados
Dithmenos
Hepliaklqana
Kikubaaqudgha
Nemelex Xobeh
Okawaru
Qazlal
Ru
Sif Muna
Trog
Vehumet
Xom
Yredelemnul

Shops:
D:6 [   D:7 (   D:9 !

Annotations:
D:3 3 runed translucent doors, Ananasrisotto's ghost, amateur DsFi
D:4 1 runed translucent door, Ananasrisotto's ghost, amateur DsFi
Lair:2 exclusion: oklob plant


Innate Abilities, Weirdness & Mutations

You have sharp toenails.
You are agile. (Dex +2)
Your mind is acute. (Int +2)
You are frail. (-10% HP)
Your muscles are strong. (Str +2)
You evolve.


Message History

You slash the death yak! You freeze the death yak.
You claw the death yak, but do no damage.
The death yak is heavily wounded.
You slash the death yak! You freeze the death yak.
You hit the death yak but do no damage. You hit the fungus.
You freeze the fungus. You slice the plant!! You freeze the plant.
You slash the death yak! You freeze the death yak. The death yak gores you!
The death yak gores you!!
* * * LOW HITPOINT WARNING * * *
The death yak barely misses you.
The death yak gores you but does no damage.
You block the death yak's attack.
You feel much better. The crocodile closely misses you.
The death yak gores you!
* * * LOW HITPOINT WARNING * * *
The death yak gores you!
* * * LOW HITPOINT WARNING * * *
The death yak gores you but does no damage.
The death yak gores you!!
You die...

#...>..§.%....# ..
..............# ...
#...........P# ....
##..........## ....#
#......^.#..# .....#
#.............
......##..........§..
......P#Y...<.P######
......t@YY.....#
......PYY....###
P.........P###
###PP....### #.P...P#
P.^.#..P# .........#
.....#P.## ....#P.


You could see 5 death yaks and a crocodile.

Vanquished Creatures
  3 hydras
  Erolcha (D:10)
  Erica (D:10)
  A two-headed ogre (D:8)
  3 death yaks (Lair:3)
  A black mamba (Lair:4)
  A molten gargoyle (Lair:4)
  3 spiny frogs
  5 komodo dragons
  Prince Ribbit (D:6)
  3 hippogriffs
  A spriggan (D:9)
  A wraith (D:10)
  2 wyverns
  22 yaks
  2 fire elementals (Lair:4)
  Grum (D:9)
  3 basilisks
  4 wargs (D:9)
  7 water moccasins
  2 nagas (Lair:4)
  3 orc warriors
  A black bear (D:8)
  2 porcupines
  An eye of draining (D:10)
  3 ice beasts
  A sky beast (D:10)
  A necrophage (D:9)
  3 ogres
  4 wolves (D:9)
  4 phantoms
  2 centaurs
  5 crocodiles
  A big kobold (D:8)
  A gnoll sergeant (D:5)
  11 bullfrogs
  4 scorpions
  5 wights (D:10)
  5 killer bees (D:10)
  2 electric eels
  A lava snake (Lair:4)
  2 centaur zombies
  2 crimson imps
  3 hounds
  5 orc priests
  Crazy Yiuf (D:6)
  A gnoll shaman (D:7)
  A jelly (D:5)
  7 orc wizards
  A centaur skeleton (D:6)
  An iguana (D:7)
  6 worker ants
  A worker ant zombie (D:10)
  13 gnolls
  A howler monkey skeleton (D:6)
  15 adders
  2 adder skeletons
  2 worms
  5 leopard geckos
  31 orcs
  11 giant cockroaches
  9 goblins
  7 hobgoblins
  7 jackals
  3 quokkas
  A ball python (D:3)
  A ball python zombie (D:1)
  9 bats
  3 frilled lizards
  A giant cockroach zombie (D:1)
  A jackal zombie (D:5)
  18 kobolds
  A leopard gecko zombie (D:5)
  2 quokka skeletons
  8 rats
  4 fungi
  2 plants
316 creatures vanquished.

Vanquished Creatures (others)
  A wizard (D:4)
  A fungus (Lair:2)
2 creatures vanquished.

Grand Total: 318 creatures vanquished

Notes
Turn   | Place    | Note
-------+----------+-------------------------------------------
     0 | D:1      | Mrkan the Human Berserker began the quest for the Orb.
     0 | D:1      | Reached XP level 1. HP: 18/18 MP: 1/1
   422 | D:1      | Reached XP level 2. HP: 23/24 MP: 2/2
  1118 | D:2      | Reached XP level 3. HP: 27/29 MP: 3/3
  1201 | D:2      | Reached ** piety under Trog
  1870 | D:3      | Noticed a centaur
  1882 | D:3      | Killed a centaur
  1882 | D:3      | Reached XP level 4. HP: 36/37 MP: 4/4
  1882 | D:3      | Reached XP level 5. HP: 40/42 MP: 5/5
  1897 | D:3      | Found a stormy altar of Qazlal.
  1984 | D:3      | Reached skill level 5 in Axes
  2261 | D:3      | Reached *** piety under Trog
  2300 | D:3      | Found a basalt altar of Yredelemnul.
  2351 | D:3      | Reached XP level 6. HP: 48/48 MP: 6/6
  2366 | D:3      | Found a runed translucent gate.
  2366 | D:3      | Found a runed translucent gate.
  2366 | D:3      | Found a runed translucent gate.
  2366 | D:3      | Noticed Ananasrisotto's ghost (amateur DsFi)
  2937 | D:4      | Found a staircase to the Ecumenical Temple.
  2942 | D:4      | Found a runed translucent door.
  2974 | D:4      | Found a bloodstained altar of Trog.
  2975 | D:4      | Noticed a wizard
  2981 | D:4      | Killed a wizard
  3099 | D:4      | Noticed a phantom
  3134 | D:4      | Killed a phantom
  3158 | D:4      | Noticed an orc warrior
  3179 | D:4      | Killed an orc warrior
  3179 | D:4      | Reached XP level 7. HP: 50/55 MP: 7/7
  3228 | D:4      | Reached skill level 5 in Fighting
  3336 | D:4      | Noticed Ananasrisotto's ghost (amateur DsFi)
  3407 | D:4      | Got a crude dagger
  3436 | D:5      | Entered Level 5 of the Dungeon
  3487 | D:5      | Reached **** piety under Trog
  3650 | D:5      | Reached XP level 8. HP: 52/63 MP: 8/8
  4036 | D:6      | Found Utzyg's Armour Shoppe.
  4065 | D:6      | Found a deep blue altar of Sif Muna.
  4066 | D:6      | Found an ancient bone altar of Kikubaaqudgha.
  4067 | D:6      | Found a radiant altar of Vehumet.
  4344 | D:6      | Found a runed translucent door.
  4345 | D:6      | Noticed Crazy Yiuf
  4710 | D:6      | Noticed Prince Ribbit
  4721 | D:6      | Killed Prince Ribbit
  5273 | D:6      | Killed Crazy Yiuf
  5318 | D:7      | Found an iron altar of Okawaru.
  5389 | D:7      | Found Judul's Antique Weapon Boutique.
  5408 | D:7      | Reached XP level 9. HP: 64/71 MP: 9/9
  6190 | D:8      | Reached skill level 10 in Axes
  6426 | D:8      | Found a sacrificial altar of Ru.
  6784 | D:8      | Found an iron altar of Okawaru.
  6859 | D:8      | Noticed a two-headed ogre
  6873 | D:8      | Killed a two-headed ogre
  6873 | D:8      | Reached XP level 10. HP: 80/81 MP: 10/10
  6921 | D:8      | Found a sparkling altar of Nemelex Xobeh.
  6979 | D:8      | Found a shadowy altar of Dithmenos.
  7150 | D:8      | Found a snail-covered altar of Cheibriados.
  7297 | D:9      | Found a staircase to the Orcish Mines.
  7442 | D:9      | Found a hazy altar of Hepliaklqana.
  7479 | D:9      | Found Evveo's Distillery.
  7498 | D:9      | Bought a potion of mutation for 120 gold pieces
  7498 | D:9      | Bought a potion of curing for 45 gold pieces
  7498 | D:9      | Gained mutation: Your muscles are strong. (Str +2) [potion
                  | of mutation]
  7498 | D:9      | Gained mutation: You evolve. [potion of mutation]
  7498 | D:9      | Gained mutation: You have sharp toenails. [potion of
                  | mutation]
  7498 | D:9      | Gained mutation: You are agile. (Dex +2) [evolution]
  7505 | D:9      | Found a shimmering altar of Xom.
  7509 | D:9      | Noticed Grum
  7524 | D:9      | Killed Grum
  7559 | D:9      | Reached ***** piety under Trog
  7728 | D:10     | Entered Level 10 of the Dungeon
  7783 | D:10     | Reached skill level 1 in Shields
  7796 | D:10     | Reached skill level 2 in Shields
  7862 | D:10     | Reached XP level 11. HP: 57/89 MP: 11/11
  7871 | D:10     | Reached skill level 3 in Shields
  7918 | D:10     | Found a staircase to the Lair.
  8019 | D:10     | Noticed Erica
  8041 | D:10     | Killed Erica
  8041 | D:10     | Reached skill level 5 in Shields
  8198 | D:10     | Noticed Erolcha
  8207 | D:10     | Killed Erolcha
  8207 | D:10     | Received a gift from Trog
  8207 | D:10     | Reached skill level 6 in Shields
  8211 | D:10     | Reached skill level 7 in Shields
  8226 | D:10     | Gained mutation: Your mind is acute. (Int +2) [evolution]
  8476 | Lair:1   | Entered Level 1 of the Lair of Beasts
  8517 | Lair:1   | Identified a scroll of acquirement
  8632 | Lair:1   | Received a gift from Trog
  8668 | Lair:1   | Reached skill level 8 in Shields
  8921 | Lair:1   | Reached skill level 9 in Shields
  8992 | Lair:1   | Gained mutation: You are frail. (-10% HP) [evolution]
  9256 | Lair:2   | Found a frozen archway.
  9371 | Lair:2   | Reached XP level 12. HP: 51/85 MP: 12/12
  9496 | Lair:2   | Reached skill level 10 in Shields
  9664 | Lair:2   | Noticed a seven-headed hydra
  9673 | Lair:2   | Killed a two-headed hydra
 10039 | Lair:2   | Found the +8 longbow "Zephyr" {speed, Dex+3 SInv}
 10116 | Lair:3   | Noticed a death yak
 10117 | Lair:3   | Noticed a death yak
 10120 | Lair:3   | Noticed a death yak
 10130 | Lair:3   | Killed a death yak
 10130 | Lair:3   | Reached skill level 11 in Shields
 10134 | Lair:3   | Killed a death yak
 10135 | Lair:3   | Killed a death yak
 10386 | Lair:3   | Reached skill level 12 in Shields
 10865 | Lair:3   | Found a staircase to the Shoals.
 10865 | Lair:3   | Noticed a four-headed hydra
 10873 | Lair:3   | Killed a one-headed hydra
 11106 | Lair:4   | Noticed an eight-headed hydra
 11117 | Lair:4   | Killed a four-headed hydra
 11252 | Lair:4   | Reached skill level 13 in Shields
 11577 | Lair:4   | Identified the cursed +0 dagger "Cuechag Vont" {pierce,
                  | rElec MR+ Str+4} (You found it on level 4 of the Dungeon)
 11579 | Lair:4   | Reached XP level 13. HP: 90/90 MP: 13/13
 11673 | Lair:4   | Found a staircase to the Snake Pit.
 12272 | Lair:5   | Slain by a death yak

Skill      XL: |  1  2  3  4  5  6  7  8  9 10 11 12 |
---------------+-------------------------------------+-----
Axes           | 4 5 6 7 9 11 12 | 12.4
Fighting       | 4 5 6 8 9 |  9.2
Armour         | 3 |  3.2
Shields        | 2 9 13 | 13.9
Dodging        | |  2.0

Action                   |  1- 3 |  4- 6 |  7- 9 | 10-12 | 13-15 || total
-------------------------+-------+-------+-------+-------+-------++-------
Melee: Hand axe          |   121 |   126 |   403 |   319 |       ||   969
       Kick              |       |       |       |   168 |    18 ||   186
       Broad axe         |       |       |       |   198 |    45 ||   243
       Scimitar          |       |       |       |    21 |       ||    21
Invok: Berserk           |       |     1 |     3 |     9 |     1 ||    14
       Trog's Hand       |       |       |       |     4 |       ||     4
  Use: Scroll            |     3 |       |    11 |     6 |    14 ||    34
       Potion            |     4 |       |     2 |     2 |     2 ||    10
 Stab: Sleeping          |     1 |       |       |       |       ||     1
       Invisible         |     5 |       |       |       |       ||     5
  Eat: Ration            |     2 |     1 |     1 |     4 |     1 ||     9
       Chunk             |       |     2 |    12 |    14 |       ||    28
Armor: Animal skin       |    12 |       |       |       |       ||    12
       Storm dragon scal |    91 |    90 |   203 |   262 |    15 ||   661
Dodge: Dodged            |    84 |    73 |   154 |   175 |    19 ||   505
Block: Shield            |       |       |       |   217 |    32 ||   249
       Rpst.: Scimitar   |       |       |       |     2 |       ||     2
